Map: Acropolis LE

Players

Teletubby

  • Race: Terran Terran
  • Spawn Location: 5:00

llllllllllll - Winner!

  • Race: Protoss Protoss
  • League: Master
  • Spawn Location: 11:00

VOD

Have the link to the VOD?

Description

Time

  • Played on: July 18, 2019, 2:35 p.m.
  • Length: 13:38
Show
View Real Time Build Order
Export as new Build Order

Teletubby Terran 

Build Orders: Reaper Expand 

Get SALT Encoding   

  12  0:00  SCV  
  13  0:13  SCV  
  14  0:17  Supply Depot  
  14  0:25  SCV  
  15  0:38  SCV  
  15  0:39  Barracks  
  16  0:43  Refinery  
  16  0:50  SCV  
  17  1:03  SCV  
  18  1:16  SCV  
  19  1:28  Orbital Command, Reaper  
  20  1:43  Command Center  
  20  1:55  SCV  
  20  1:56  Supply Depot  
  20  1:59  Marine  
  22  2:08  SCV  
  23  2:18  Factory  
  23  2:21  Barracks Reactor  
  23  2:23  SCV, Refinery  
  24  2:36  SCV  
  25  2:50  SCV  
  26  2:57  Orbital Command  
  26  2:59  Marine x2  
  26  3:00  Bunker  
  26  3:04  SCV  
  26  3:05  Factory Tech Lab  
  29  3:06  Starport  
  29  3:17  Marine x2  
  29  3:19  Barracks  
  31  3:21  SCV  
  31  3:23  SCV  
  33  3:34  SCV  
  34  3:38  Supply Depot  
  34  3:39  Factory Tech Lab, SCV  
  35  3:43  Marine x2  
  35  3:46  SCV  
  38  3:52  Raven  
  38  3:54  SCV  
  41  4:00  SCV  
  42  4:03  Supply Depot  
  42  4:06  SCV  
  42  4:08  Barracks  
  43  4:12  SCV  
  43  4:13  Factory Reactor  
  43  4:15  Stimpack  
  43  4:18  Marine x2  
  43  4:19  SCV  
  46  4:24  SCV  
  46  4:29  Supply Depot, Marine  
  46  4:31  SCV  
  49  4:36  Marine, Engineering Bay, SCV, Refinery  
  51  4:43  Marine, SCV  
  53  4:49  Marine, SCV  
  53  4:52  Starport Reactor, Widow Mine x2  
  59  4:56  Marine  
  59  4:58  Supply Depot  
  60  5:01  Marine, SCV x2  
  60  5:03  Terran Infantry Weapons Level 1  
  60  5:04  Combat Shield, Marine  
  64  5:07  Marine  
  64  5:13  Marine  
  66  5:17  SCV x2  
  66  5:19  Marine  
  66  5:20  Supply Depot  
  68  5:22  Marine  
  68  5:25  Supply Depot, Marine  
  70  5:30  Medivac  
  70  5:31  Marine  
  70  5:33  Medivac  
  70  5:34  Widow Mine  
  77  5:36  SCV  
  77  5:39  Refinery  
  77  5:41  Supply Depot  
  78  5:47  Marauder x2, Marine, SCV  
  78  5:48  Supply Depot  
  78  5:49  Widow Mine  
  86  6:02  Marine  
  86  6:03  Widow Mine  
  89  6:05  Supply Depot  
  89  6:06  Medivac  
  90  6:14  Supply Depot  
  90  6:15  Marauder x2, Marine, Concussive Shells  
  90  6:16  Medivac  
  97  6:20  Marine, SCV x2  
  102  6:26  Widow Mine  
  102  6:28  Command Center  
  102  6:32  Marine  
  102  6:33  Supply Depot  
  102  6:36  Supply Depot  
  102  6:37  Marauder x2  
  107  6:43  Marine  
  108  6:50  Marine  
  105  6:58  Marauder x2  
  105  7:00  Marine  
  102  7:08  Marine  
  93  7:16  Supply Depot  
  93  7:18  Marine  
  93  7:19  Barracks x2, Marauder, Marine  
  89  7:23  Widow Mine x2, Medivac  
  89  7:24  Medivac  
  89  7:26  Marine  
  95  7:31  SCV x2  
  95  7:36  Marine  
  97  7:37  Terran Infantry Armor Level 1  
  97  7:39  Engineering Bay, Armory  
  97  7:43  SCV x2  
  90  7:51  Marine x2  
  90  7:52  Marauder  
  84  7:58  Marine  
  84  7:59  Widow Mine x2  
  89  8:06  Orbital Command  
  89  8:07  SCV x2  
  89  8:09  Marine  
  89  8:10  Barracks Reactor, Marauder, Barracks Tech Lab  
  94  8:20  Marine  
  94  8:21  Marauder  
  94  8:23  Widow Mine  
  94  8:24  Widow Mine  
  100  8:27  Marine  
  100  8:31  Marine  
  100  8:33  Marine  
  98  8:38  Marine  
  99  8:42  Marauder  
  99  8:45  Marine  
  102  8:49  Marauder  
  102  8:52  Marauder  
  102  8:59  Marine x3  
  102  9:02  Widow Mine x2  
  108  9:03  Marine  
  108  9:04  Marauder  
  105  9:10  Marauder  
  105  9:13  Marauder  
  105  9:16  Marine  
  105  9:17  Terran Infantry Weapons Level 2, Marine x2  
  105  9:25  Marauder, Marine  
  105  9:26  Widow Mine x2  
  105  9:27  Medivac x2  
  105  9:28  SCV x3  
  117  9:32  Marauder  
  117  9:33  Terran Infantry Armor Level 2  
  117  9:34  Marine  
  117  9:35  Marauder, Ghost Academy  
  122  9:45  Marine x2  
  124  9:47  Marauder  
  124  9:49  Widow Mine x2, Marine  
  124  9:52  Supply Depot, Marine  
  131  9:53  Marauder  
  131  9:54  Supply Depot  
  131  9:56  Marauder  
  131  9:57  Bunker  
  135  10:03  Marine x2, Liberator x2  
  135  10:07  Marine  
  129  10:08  Marauder  
  129  10:10  Marine  
  130  10:15  Marauder  
  130  10:17  Marauder  
  130  10:19  Widow Mine  
  130  10:20  Widow Mine, Marine  
  130  10:21  Personal Cloaking, Marine  
  146  10:24  Marine  
  146  10:28  Marine, Ghost  
  148  10:30  Command Center  
  150  10:45  Supply Depot  
  150  10:46  SCV x3  
  150  10:47  Refinery x2  
  150  10:49  Marine x2  
  147  10:50  Marauder x2  
  147  10:56  Widow Mine x2  
  153  10:58  Marauder, SCV x3  
  158  11:10  Ghost  
  159  11:19  Ghost x2  
  159  11:20  Marine x4  
  159  11:21  Widow Mine x2, Medivac x2  
  159  11:25  Supply Depot  
  175  11:29  SCV x2  
  175  11:30  SCV, Sensor Tower  
  178  11:43  Missile Turret  
  178  11:50  Ghost x3  
  178  11:51  Marine x4  
  185  12:13  Marine x3, Refinery  
  185  12:16  Sensor Tower  
  185  12:18  Starport, Refinery  
  185  12:19  Fusion Core  
  185  12:23  SCV x2  
  187  12:33  Planetary Fortress  
  187  12:34  Command Center  
  165  13:11  SCV x4  
  165  13:12  Marauder x2, Marine x4  
  149  13:13  Marauder  
  109  13:23  SCV  
  119  13:27  Starport Tech Lab  
Show
View Real Time Build Order
Export as new Build Order

llllllllllll Protoss - Winner!

Build Orders: 1 Gate Expand, Double Forge, Blink Stalkers 

Get SALT Encoding   

  12  0:01  Probe  
  13  0:13  Probe  
  14  0:17  Pylon  
  14  0:22  Probe  
  15  0:31  Probe  
  15  0:37  Gateway  
  15  0:41  Probe  
  16  0:46  Assimilator  
  17  0:53  Probe  
  18  1:01  Probe  
  18  1:09  Probe  
  20  1:24  Nexus  
  20  1:33  Cybernetics Core  
  20  1:36  Probe  
  21  1:42  Assimilator  
  21  1:48  Probe  
  21  1:52  Pylon  
  22  2:00  Probe, Stalker  
  23  2:11  Warp Gate  
  23  2:12  Probe  
  25  2:24  Probe  
  25  2:25  Twilight Council  
  26  2:34  Stalker  
  26  2:36  Probe  
  29  2:40  Probe  
  30  2:48  Probe  
  30  2:49  Blink  
  31  2:52  Probe  
  32  3:00  Probe  
  32  3:04  Stalker  
  35  3:08  Probe  
  35  3:12  Probe  
  37  3:20  Probe  
  37  3:24  Probe  
  39  3:33  Probe  
  40  3:34  Stalker  
  40  3:36  Forge  
  40  3:38  Forge  
  40  3:39  Probe  
  43  3:45  Probe  
  44  3:51  Probe  
  45  3:57  Probe  
  45  3:58  Pylon  
  46  4:10  Nexus  
  46  4:13  Pylon  
  46  4:20  Probe  
  46  4:21  Probe  
  46  4:22  Stalker  
  50  4:32  Probe, Protoss Ground Weapons Level 1, Protoss Ground Armor Level 1  
  50  4:33  Probe  
  50  4:34  Pylon  
  52  4:40  Charge  
  52  4:42  Gateway  
  52  4:43  Gateway  
  52  4:46  Stalker  
  52  4:50  Probe x2  
  56  4:53  Photon Cannon  
  56  4:57  Photon Cannon  
  56  5:02  Probe  
  56  5:04  Probe  
  58  5:14  Probe  
  58  5:16  Probe  
  58  5:17  Robotics Facility  
  60  5:25  Stalker  
  60  5:26  Probe  
  63  5:29  Probe  
  63  5:33  Gateway, Pylon  
  64  5:38  Gateway  
  64  5:39  Probe  
  64  5:41  Probe  
  67  5:42  Zealot  
  67  5:43  Zealot  
  67  5:45  Pylon  
  70  5:55  Pylon  
  70  6:00  Zealot  
  70  6:03  Gateway  
  72  6:06  Zealot x2  
  76  6:13  Pylon  
  76  6:15  Shield Battery x2  
  76  6:21  Probe x2, Gateway  
  76  6:22  Observer  
  76  6:23  Gateway  
  80  6:27  Zealot x3  
  80  6:30  Protoss Ground Weapons Level 2  
  80  6:31  Zealot  
  80  6:32  Protoss Ground Armor Level 2  
  85  6:40  Zealot  
  87  6:49  Zealot  
  87  6:50  Zealot x2  
  89  6:56  Zealot  
  79  7:01  Zealot x2  
  73  7:14  Zealot x2  
  73  7:15  Zealot  
  72  7:18  Zealot  
  72  7:19  Zealot x2  
  74  7:24  Immortal  
  74  7:27  Zealot x2  
  72  7:37  Zealot x3  
  72  7:42  Zealot x3  
  82  7:51  Stalker x2  
  76  8:00  Zealot x3  
  80  8:07  Gateway  
  80  8:08  Zealot x3  
  80  8:09  Gateway  
  80  8:11  Observer  
  80  8:12  Gateway  
  83  8:20  Zealot x4  
  83  8:24  Zealot  
  91  8:32  Zealot x3  
  93  8:39  Pylon  
  93  8:41  Pylon  
  91  8:55  Zealot x6  
  91  8:56  Zealot x2  
  105  9:09  Stalker x2  
  101  9:10  Stalker  
  101  9:16  Zealot  
  103  9:17  Zealot x7  
  103  9:22  Warp Prism  
  101  9:29  Zealot x7, Pylon  
  101  9:30  Pylon  
  113  9:36  Pylon  
  115  9:39  Templar Archives  
  115  9:42  Robotics Facility  
  115  9:45  Robotics Bay  
  115  9:49  Assimilator  
  115  9:51  Assimilator  
  115  9:52  Zealot x5  
  125  9:53  Zealot x2  
  125  9:54  Pylon, Zealot  
  129  10:12  Zealot  
  129  10:13  Zealot x4  
  129  10:14  Zealot x3  
  127  10:31  Stalker x2  
  127  10:34  Protoss Ground Armor Level 3, Protoss Ground Weapons Level 3  
  131  10:37  Probe x2  
  133  10:50  Colossus  
  133  10:54  Probe  
  133  10:57  Probe x2  
  140  10:58  Extended Thermal Lance  
  140  11:00  Assimilator  
  140  11:02  Assimilator  
  140  11:06  Probe  
  140  11:10  Probe x2  
  143  11:17  Nexus  
  146  11:25  Pylon  
  146  11:26  Colossus  
  146  11:31  Pylon  
  149  11:33  Colossus  
  149  11:38  Pylon  
  149  11:46  Probe, Pylon  
  157  11:51  Stalker x2  
  157  11:52  Stalker  
  161  11:55  Stalker  
  158  12:01  Stalker  
  158  12:02  Stalker  
  158  12:08  Probe x2  
  158  12:10  Colossus  
  158  12:15  Pylon  
  164  12:23  Probe  
  166  12:34  Photon Cannon  
  165  12:37  Photon Cannon  
  165  12:42  Stalker x2  
  169  12:47  Photon Cannon  
  169  12:55  Zealot x3  
  169  12:56  Zealot  
  173  13:08  Zealot x4  
  131  13:13  Zealot x2  
Tags
 
Add a new tag
Caveats
  • Supply blocks, unpowered buildings, or Contaminate may cause inaccurate times.
  • Supply counts are checked every 10 seconds.